 Dungeon Crawl Stone Soup version 0.26-a0-34-g9e0bf03 (webtiles) character file.

Game seed: 8705632753360177503, levelgen mode: deterministic

2931 AtlasWard the Cruncher (level 9, 0/57 HPs)
             Began as a Tengu Gladiator on May 29, 2020.
             Was a Believer of Wu Jian.
             Slain by an orc
             ... wielding a +0 hand axe
              (5 damage)
             ... on level 6 of the Dungeon.
             The game lasted 00:09:52 (7708 turns).

AtlasWard the Cruncher (Tengu Gladiator)            Turns: 7708, Time: 00:09:52

Health: 0/57       AC:  5    Str: 23    XL:     9   Next: 79%
Magic:  10/10      EV: 18    Int: 10    God:    Wu Jian [**....]
Gold:   338        SH:  0    Dex: 15    Spells: 8/8 levels left

rFire    . . .     SeeInvis .   a - +0 quarterstaff
rCold    . . .     Gourm    .   (shield currently unavailable)
rNeg     . . .     Faith    .   b - +0 leather armour
rPois    .         Spirit   .   c - +0 hat
rElec    .         Reflect  .   k - +0 cloak
rCorr    +         Harm     .   m - +0 pair of gloves
MR       .....                  (boots unavailable)
Stlth    ++........             (no amulet)
HPRegen  0.19/turn              z - +6 ring of strength
MPRegen  0.12/turn              x - ring of resist corrosion

@: flying quickly and evasively, quick
A: beak, talons 3, able to fly
a: Stop Flying, Wall Jump, Renounce Religion


You were on level 6 of the Dungeon.
You worshipped Wu Jian.
Wu Jian was pleased with you.
You were near starving.

You visited 1 branch of the dungeon, and saw 6 of its levels.
You also visited: Sewer.

You collected 338 gold pieces.

Inventory:

Hand Weapons
 a - a +0 quarterstaff (weapon)
Missiles
 d - 2 throwing nets
 u - 15 poisoned darts (quivered)
Armour
 b - a +0 leather armour (worn)
 c - a +0 hat (worn)
 k - a +0 cloak (worn)
 m - a +0 pair of gloves (worn)
 A - a cursed +0 plate armour
Jewellery
 x - a ring of resist corrosion (right hand)
 z - a +6 ring of strength (left hand)
Wands
 y - a wand of acid (10)
 B - a wand of polymorph (6)
Scrolls
 e - 2 scrolls of fog {unknown}
 g - a scroll of noise {unknown}
 h - a scroll of enchant armour {unknown}
 o - 4 scrolls of blinking {unknown}
 p - a scroll of random uselessness {unknown}
 q - 8 scrolls of remove curse {unknown}
 r - a scroll of identify
 w - 3 scrolls of teleportation
 F - a scroll of enchant weapon {unknown}
Potions
 i - a potion of lignification
 j - 4 potions of haste
 l - 2 potions of resistance
 n - 4 potions of flight
 s - 7 potions of curing
 t - a potion of cancellation
 v - 2 potions of heal wounds
 D - 3 potions of might {unknown}
 E - a potion of brilliance {unknown}
Comestibles
 f - 11 rations


   Skills:
 * Level 7.1 Fighting
 * Level 10.8 Staves
 - Level 2.0 Throwing
 - Level 3.2 Armour
 + Level 6.0 Dodging
 - Level 2.4 Stealth


You had 8 spell levels left.
You didn't know any spells.
Your spell library contained the following spells:

 Spells                   Type           Power        Failure   Level  Hunger
 Animate Skeleton         Necr           N/A          41%         1    ##.....
 Magic Dart               Conj           #...         41%         1    ##.....
 Pain                     Necr           #...         41%         1    ##.....
 Blink                    Tloc           N/A          54%         2    ###....
 Call Imp                 Summ           #.......     54%         2    ###....
 Slow                     Hex            #.......     54%         2    ###....
 Conjure Flame            Conj/Fire      #.......     78%         3    ####...
 Mephitic Cloud           Conj/Pois/Air  #.......     78%         3    ####...
 Vampiric Draining        Necr           #.........   78%         3    ####...
 Animate Dead             Necr           N/A          99%         4    #####..
 Agony                    Necr           #.......     100%        5    ######.


Dungeon Overview and Level Annotations

Branches:
Dungeon (6/15)             Temple (0/1) D:6           Sewer (visited)

Altars:
Kikubaaqudgha
Okawaru
Wu Jian
The Shining One

Shops:
D:4 :

Annotations:
D:5 3 runed translucent doors, davecave's ghost, novice TeAE
D:6 Pikel


Innate Abilities, Weirdness & Mutations

You have a beak for a mouth.
You have claws for feet.
You can fly continuously.


Message History

The orc wizard hits you with a +0 dagger.
* * * LOW HITPOINT WARNING * * *
The orc barely misses you. The orc wizard barely misses you.
You hit the orc wizard but do no damage.
The orc wizard is almost dead.
The orc closely misses you. The orc wizard closely misses you.
You barely miss the orc wizard. Your kick misses the orc wizard.
The orc wizard is almost dead.
The orc wizard hits you but does no damage.
The orc barely misses you.
You hit the orc wizard. Your kick misses the orc wizard.
The orc wizard is almost dead.
The orc wizard casts a spell at you. The magic dart hits you!
* * * LOW HITPOINT WARNING * * *
You thump the orc wizard!
You kill the orc wizard!
The Council accepts your kill. The orc hits you with a +0 hand axe.
You die...

...#######.# #.#.
####.......... #...
.......#####..
#..########..).....
..#....##....#####
..#._.....⌠..#
#.#.≈....≈(..#
#o#..≈≈≈≈≈...#
#@##...≈≈≈...#
#)##...≈≈≈≈..#
#.#...≈≈≈≈≈..#
#...⌠...≈≈...#
#.............
###........##


.ppp ########## .##K ## # You could see an orc.

Vanquished Creatures
  A hippogriff (D:5)
  Grinder (D:4)
  Sigmund (D:5)
  An orc warrior (D:6)
  3 sky beasts
  An ice beast (D:5)
  3 ogres
  A phantom (D:4)
  A centaur (D:6)
  A big kobold (Sewer)
  A bullfrog (D:6)
  A gnoll sergeant (D:5)
  3 scorpions
  8 wights
  A howler monkey (D:4)
  2 crimson imps
  A centaur zombie (D:5)
  2 hounds
  2 jellies
  A bullfrog skeleton (D:6)
  A centaur skeleton (D:4)
  3 worker ants
  3 orc wizards (D:6)
  2 hound skeletons
  4 gnolls
  3 river rats
  14 adders
  5 oozes
  An adder zombie (D:6)
  4 worms
  3 dart slugs
  8 leopard geckos
  12 orcs
  10 ball pythons
  10 giant cockroaches
  6 goblins
  6 hobgoblins
  11 jackals
  22 kobolds
  3 quokkas
  6 bats
  5 frilled lizards
  A giant cockroach zombie (D:6)
  2 leopard gecko skeletons (D:4)
  2 quokka skeletons
  A quokka zombie (D:5)
  12 rats
196 creatures vanquished.

Vanquished Creatures (others)
  A plant (D:3)
1 creature vanquished.

Grand Total: 197 creatures vanquished

Notes
Turn   | Place    | Note
-------+----------+-------------------------------------------
     0 | D:1      | AtlasWard the Tengu Gladiator began the quest for the Orb.
     0 | D:1      | Reached XP level 1. HP: 12/12 MP: 2/2
   167 | D:1      | Reached XP level 2. HP: 12/17 MP: 3/3
   517 | D:1      | Reached XP level 3. HP: 14/22 MP: 4/4
   525 | D:1      | Reached skill level 4 in Staves
  1334 | D:2      | Reached XP level 4. HP: 25/27 MP: 5/5
  2250 | D:3      | Found a glowing golden altar of the Shining One.
  2327 | D:3      | Reached skill level 5 in Staves
  2402 | D:3      | Gained mutation: You can fly continuously. [Tengu growth]
  2402 | D:3      | Reached XP level 5. HP: 18/32 MP: 6/6
  2660 | D:3      | Reached skill level 1 in Armour
  3760 | D:4      | Found Fisosyzoi's Book Shoppe.
  3806 | D:4      | Reached skill level 1 in Stealth
  3993 | D:4      | Reached XP level 6. HP: 37/37 MP: 7/7
  4044 | D:4      | Noticed a phantom
  4058 | D:4      | Killed a phantom
  4058 | D:4      | Reached skill level 6 in Staves
  4778 | D:4      | Noticed Grinder
  4821 | D:4      | Killed Grinder
  4821 | D:4      | Reached skill level 7 in Staves
  4821 | D:4      | Reached XP level 7. HP: 32/42 MP: 8/8
  4965 | D:5      | Entered Level 5 of the Dungeon
  5049 | D:5      | Reached skill level 8 in Staves
  5049 | D:5      | Reached XP level 8. HP: 48/48 MP: 9/9
  5205 | D:5      | Noticed Sigmund
  5212 | D:5      | Killed Sigmund
  5227 | D:5      | Found a runed translucent gate.
  5227 | D:5      | Found a runed translucent gate.
  5228 | D:5      | Found a runed translucent gate.
  5228 | D:5      | Noticed davecave's ghost (novice TeAE)
  5257 | D:5      | Noticed a hippogriff
  5392 | D:5      | Found an iron altar of Okawaru.
  5488 | D:5      | Reached skill level 9 in Staves
  5591 | D:5      | Killed a hippogriff
  5591 | D:5      | Reached skill level 5 in Fighting
  5773 | D:5      | Reached XP level 9. HP: 48/54 MP: 10/10
  5844 | D:5      | Reached skill level 5 in Dodging
  5918 | D:6      | Reached skill level 10 in Staves
  6066 | D:6      | Found an ornate altar of the Wu Jian Council.
  6077 | D:6      | Became a worshipper of the Wu Jian Council
  6078 | D:6      | Found a staircase to the Ecumenical Temple.
  6256 | D:6      | Found a glowing drain.
  6266 | Sewer    | Entered a sewer
  6351 | Sewer    | Reached * piety under Wu Jian
  7042 | D:6      | Noticed Pikel
  7654 | D:6      | Reached ** piety under Wu Jian
  7673 | D:6      | Found an ancient bone altar of Kikubaaqudgha.
  7708 | D:6      | Slain by an orc

Illustrated notes

Levels and vault maps discovered:
D:1:      ncdulo_smallfort, layout_basic
D:2:      layout_basic
D:3:      layout_basic, nicolae_overflow_crystal_walls, first_ration,
          saegor_snake_ambush
D:4:      layout_basic, serial_shops, nicolae_shop_waterfront, uniq_grinder
D:5:      layout_rooms, kennysheep_mini_moat, gammafunk_ghost_split,
          minmay_small_thing, uniq_sigmund
D:6:      layout_loops_ring, overflow_temple_1_default, kiku_gazebo_pond_becter,
          temple_pool_b, serial_co_window_serial, co_window_of_opportunity_a,
          co_window_cross_1, co_window_paths_a, co_window_paths_b,
          co_window_paths_a, co_window_2corner, co_window_of_opportunity_c,
          co_window_of_opportunity_b, co_window_paths_c,
          co_window_of_opportunity_c, co_window_sun, co_window_4corner_b,
          glass_columns_a, glass_columns_a, gup_sewer_entry_bubbles, uniq_pikel

Skill      XL: |  1  2  3  4  5  6  7  8  9 |
---------------+----------------------------+-----
Staves         | 4 5 7 8 9 10 | 10.8
Armour         | 1 2 3 |  3.2
Fighting       | 3 4 5 7 |  7.1
Stealth        | 1 2 |  2.4
Dodging        | 4 6 |  6.0
Throwing       | |  2.0

Action                   |  1- 3 |  4- 6 |  7- 9 || total
-------------------------+-------+-------+-------++-------
Melee: Quarterstaff      |    70 |   161 |   274 ||   505
       Kick              |    15 |    39 |    93 ||   147
       Peck              |     6 |    22 |    57 ||    85
Throw: Dart              |       |     4 |    13 ||    17
       Throwing net      |       |     1 |       ||     1
Invok: Lunge             |       |       |    17 ||    17
       Whirlwind         |       |       |     3 ||     3
 Abil: Fly               |       |     1 |       ||     1
  Use: Scroll            |       |       |     9 ||     9
 Stab: Sleeping          |       |     2 |     9 ||    11
  Eat: Chunk             |     1 |    11 |     7 ||    19
Armor: Leather armour    |    17 |    34 |    23 ||    74
Dodge: Dodged            |    52 |   101 |   153 ||   306

Table legend:
 A = Non-vault XP
 B = Vault XP
 C = Vault XP percentage of total XP
 D = Non-vault monster count
 E = Vault monster count
 F = Vault count percentage of total count
                 A         B        C        D         E       F
            +---------+---------+-------+---------+---------+-------
      Total |    3350 |     838 |  20.0 |     157 |      39 |  19.9
            +---------+---------+-------+---------+---------+-------
        D:1 |      60 |       0 |   0.0 |      27 |       0 |   0.0
        D:2 |      57 |       0 |   0.0 |      31 |       0 |   0.0
        D:3 |     110 |      18 |  14.1 |      25 |       5 |  16.7
        D:4 |     439 |     267 |  37.8 |      18 |       1 |   5.3
        D:5 |    1395 |     296 |  17.5 |      30 |       2 |   6.2
        D:6 |    1289 |      38 |   2.9 |      26 |       7 |  21.2
      Sewer |       0 |     219 | 100.0 |       0 |      24 | 100.0
            +---------+---------+-------+---------+---------+-------
